Map: Ley Lines

Players

Vaisravana - Winner!

  • Race: Zerg Zerg
  • Spawn Location: 7:00

hiyokoeru

  • Race: Protoss Protoss
  • Spawn Location: 1:00

VOD

Have the link to the VOD?

Description

Time

  • Played on: May 27, 2025, 3:49 p.m.
  • Length: 10:16
Show
View Real Time Build Order
Export as new Build Order

Vaisravana Zerg - Winner!

Build Orders: Pool First, Lurkers 

Get SALT Encoding   

  12  0:00  Drone  
  13  0:12  Overlord  
  13  0:17  Drone  
  14  0:30  Drone  
  14  0:31  Drone  
  16  0:40  Spawning Pool  
  15  0:44  Drone  
  15  0:48  Drone  
  17  1:10  Drone, Hatchery  
  17  1:12  Extractor  
  16  1:26  Zergling x2  
  16  1:27  Zergling x2  
  16  1:28  Zergling x2  
  19  1:34  Queen  
  19  1:39  Drone  
  22  1:49  Overlord  
  22  2:10  Queen  
  22  2:12  Drone  
  22  2:13  Drone  
  22  2:14  Metabolic Boost  
  26  2:24  Drone x2  
  28  2:39  Drone x2  
  28  2:43  Queen  
  32  2:50  Lair  
  32  2:56  Extractor  
  32  2:57  Overlord  
  31  3:01  Drone  
  31  3:04  Zergling x2  
  33  3:07  Zergling x2  
  34  3:13  Drone x2  
  36  3:22  Drone  
  36  3:23  Drone x2  
  39  3:28  Drone  
  39  3:29  Drone  
  39  3:32  Drone  
  42  3:43  Drone x2, Overlord  
  44  3:51  Hydralisk Den  
  44  3:53  Overseer  
  42  3:56  Drone  
  42  3:57  Drone  
  44  4:04  Drone x3  
  47  4:12  Drone x2  
  47  4:13  Drone x2  
  47  4:15  Extractor  
  50  4:17  Overlord  
  50  4:18  Overlord  
  50  4:22  Grooved Spines  
  50  4:31  Overlord  
  50  4:32  Drone x2  
  50  4:37  Spore Crawler  
  51  4:47  Drone x2  
  53  4:56  Hydralisk x3  
  53  4:57  Hatchery  
  58  5:03  Hydralisk  
  60  5:11  Spore Crawler  
  60  5:12  Muscular Augments  
  60  5:13  Drone  
  60  5:14  Hydralisk  
  60  5:18  Hydralisk x2  
  66  5:22  Hydralisk  
  66  5:25  Hydralisk  
  70  5:28  Overlord  
  70  5:42  Drone  
  71  5:43  Drone x5  
  71  5:49  Overlord  
  75  5:57  Drone, Overlord  
  75  6:03  Evolution Chamber  
  75  6:04  Drone x2, Infestation Pit  
  75  6:05  Extractor  
  75  6:07  Drone  
  76  6:17  Drone x5  
  76  6:18  Drone x4  
  85  6:23  Overlord x2  
  85  6:33  Drone x2  
  85  6:35  Extractor x2  
  85  6:37  Zerg Missile Weapons Level 1  
  85  6:39  Lurker Den  
  84  6:40  Hive  
  84  6:42  Drone x3  
  84  6:44  Overlord  
  84  6:47  Drone x3  
  90  6:55  Drone x2  
  90  7:00  Spore Crawler, Hatchery  
  90  7:01  Drone x3  
  90  7:06  Hydralisk  
  90  7:07  Hydralisk  
  97  7:08  Hydralisk  
  97  7:11  Hydralisk  
  101  7:16  Hydralisk x2  
  105  7:26  Hydralisk x4  
  113  7:33  Hydralisk x3  
  119  7:41  Lurker x3  
  119  7:43  Overlord x3  
  122  7:47  Overlord x2  
  122  7:53  Seismic Spines  
  122  7:55  Overlord  
  122  8:04  Lurker x3  
  122  8:05  Lurker  
  126  8:07  Drone x10  
  126  8:08  Drone x2  
  126  8:09  Overlord  
  138  8:18  Lurker x2  
  140  8:20  Drone x4  
  140  8:21  Drone x4  
  148  8:30  Lurker x2  
  148  8:34  Extractor x2  
  149  8:35  Spore Crawler  
  147  8:44  Hatchery  
  146  8:49  Overlord  
  146  8:50  Zergling x30  
  146  8:52  Lurker x2  
  146  8:54  Adaptive Talons  
  162  9:20  Overlord  
  162  9:21  Overseer  
  162  9:31  Zergling x24  
  155  9:32  Zergling x20  
  170  9:39  Spire  
  170  9:45  Hydralisk x4  
Show
View Real Time Build Order
Export as new Build Order

hiyokoeru Protoss 

Build Orders: Oracle Opening 

Get SALT Encoding   

  12  0:00  Probe  
  13  0:12  Probe  
  14  0:18  Pylon  
  14  0:25  Probe  
  15  0:37  Probe  
  15  0:40  Gateway  
  16  0:45  Probe  
  16  0:47  Assimilator  
  17  0:53  Probe  
  17  1:03  Probe  
  19  1:16  Probe  
  20  1:27  Cybernetics Core  
  20  1:28  Probe  
  20  1:31  Cybernetics Core  
  21  1:33  Pylon, Zealot  
  23  1:57  Adept  
  23  2:00  Nexus  
  25  2:11  Probe  
  26  2:23  Probe  
  26  2:28  Adept  
  28  2:37  Probe  
  28  2:44  Pylon  
  29  2:47  Assimilator  
  29  2:50  Probe  
  30  3:02  Probe  
  31  3:08  Stargate  
  31  3:13  Probe  
  31  3:15  Probe  
  33  3:25  Probe  
  34  3:27  Probe  
  35  3:37  Probe  
  35  3:39  Probe  
  37  3:41  Oracle  
  37  3:47  Shield Battery  
  33  3:48  Adept  
  37  3:49  Probe, Warp Gate  
  37  3:51  Probe  
  38  4:01  Probe  
  41  4:08  Twilight Council  
  41  4:09  Probe  
  41  4:14  Probe  
  42  4:24  Probe  
  42  4:26  Probe  
  42  4:27  Assimilator  
  42  4:31  Adept, Assimilator  
  46  4:35  Gateway  
  46  4:38  Gateway  
  46  4:43  Probe x2  
  48  4:54  Shield Battery  
  48  4:55  Probe x2  
  48  4:59  Charge  
  50  5:13  Nexus  
  50  5:14  Pylon  
  50  5:18  Probe x2  
  52  5:24  Pylon  
  52  5:27  Pylon  
  52  5:28  Pylon  
  52  5:30  Probe x2  
  54  5:39  Shield Battery  
  54  5:42  Probe x2  
  56  5:50  Zealot x2  
  56  5:54  Probe x2  
  62  6:06  Probe  
  62  6:08  Probe  
  64  6:14  Gateway  
  64  6:16  Zealot  
  64  6:17  Zealot, Gateway  
  64  6:18  Probe  
  65  6:37  Gateway  
  65  6:39  Gateway  
  65  6:41  Gateway x2  
  65  6:45  Probe x2, Templar Archives  
  67  6:48  Zealot x3  
  67  6:54  Nexus  
  73  6:57  Probe  
  74  7:02  Forge  
  74  7:05  Pylon, Psionic Storm  
  74  7:07  Shield Battery  
  74  7:10  Zealot  
  74  7:11  Zealot x3  
  82  7:16  Probe  
  82  7:17  Probe  
  84  7:32  High Templar x5  
  94  7:38  Pylon  
  94  7:41  Pylon x2  
  94  7:43  Pylon  
  94  7:44  Pylon  
  94  7:46  Pylon  
  94  7:53  Robotics Facility  
  94  7:54  Robotics Facility  
  94  7:56  Protoss Ground Weapons Level 1  
  94  7:57  Probe  
  94  7:58  Probe  
  96  8:04  High Templar x5  
  96  8:05  High Templar  
  108  8:08  Archon x3  
  108  8:10  Probe x2  
  110  8:14  Assimilator  
  110  8:19  Assimilator  
  110  8:23  Probe, Photon Cannon  
  110  8:24  Probe, Photon Cannon  
  112  8:29  Probe  
  112  8:34  Immortal  
  113  8:35  Probe  
  113  8:37  Zealot x4  
  113  8:38  Observer  
  127  8:51  Warp Prism  
  127  9:01  High Templar  
  127  9:02  High Templar x2  
  135  9:11  Archon  
  135  9:24  Immortal x2  
  139  9:41  Zealot x7  
  139  9:58  Zealot x2  
Tags
 
Composition
Lurkers
Matchup
PvZ
Spawn Locations
Cross Positions
Add a new tag
Caveats
  • Supply blocks, unpowered buildings, or Contaminate may cause inaccurate times.
  • Supply counts are checked every 10 seconds.